AoeStats
← SanchoPanza

Black Forest

510172010Analyzed
2v2 RM · 3d ago on Sep 29, 2026· 67m 17s· 4 players
Game mode
Random Map
Map size
Medium (4 player)
Population
200
Speed
Normal
Resources
Standard
Victory
Conquest
Starting age
Dark Age
Ending age
Imperial Age
RankedLock teamsTeams togetherTeam positionsShared explorationLock speedFull tech treeHidden civsTurbo modeCheats
Victory
Defeat
🇺🇸 Turks · United States
558
+17
🇨🇦 Khmer · Canada
408
+22
🇪🇸 Chinese · Spain
565
-20
🇪🇸 Vietnamese · Spain
559
-19
LeLaitier Qc
0:33 Loom
16:46 Feudal Age
17:23 Double-Bit Axe
18:42 Wheelbarrow
17:54 Horse Collar
18:23 Stone Mining
18:39 Gold Mining
23:09 Castle Age
24:25 Hand Cart
24:24 Bow Saw
24:21 Heavy Plow
25:00 Gold Shaft Mining
25:55 Stone Shaft Mining
35:40 Imperial Age
37:07 Crop Rotation
37:03 Elite Ballista Elephant
37:50 Double Crossbow
39:13 Tusk Swords
39:52 Hoardings
41:14 Caravan
45:11 Scale Barding Armor
45:16 Forging
45:22 Masonry
45:23 Fortified Wall
45:04 Heated Shot
47:26 Architecture
47:20 Chain Barding Armor
50:18 Iron Casting
49:45 Murder Holes
56:50 Onager
58:09 Light Cavalry
58:50 Husbandry
59:01 Bloodlines
61:15 Hussar
FEARthisDUDE
0:30 Loom
14:28 Feudal Age
16:17 Wheelbarrow
16:02 Horse Collar
16:13 Town Watch
18:49 Double-Bit Axe
21:05 Gold Mining
21:07 Stone Mining
27:46 Castle Age
26:20 Fletching
29:59 Bodkin Arrow
31:12 Bow Saw
33:40 Treadmill Crane
37:38 Hand Cart
38:20 Husbandry
39:40 Bloodlines
39:49 Heavy Plow
44:13 Imperial Age
44:22 Squires
45:17 Fortified Wall
45:24 Padded Archer Armor
45:46 Bracer
48:41 Two-Man Saw
49:15 Masonry
49:46 Caravan
50:09 Forging
51:10 Leather Archer Armor
53:22 Artillery
54:20 Architecture
54:26 Sappers
57:38 Conscription
65:06 Ring Archer Armor
65:12 Iron Casting
64:43 Scale Barding Armor
64:44 Guard Tower
65:15 Bombard Tower
Motopapi
13:01 Feudal Age
14:21 Wheelbarrow
13:36 Double-Bit Axe
13:34 Horse Collar
19:11 Stone Mining
19:12 Gold Mining
26:46 Castle Age
26:33 Forging
26:24 Scale Mail Armor
26:15 Fletching
26:25 Padded Archer Armor
27:46 Hand Cart
28:11 Gold Shaft Mining
28:18 Stone Shaft Mining
27:57 Bow Saw
27:53 Heavy Plow
28:00 Town Watch
29:38 Thumb Ring
30:13 Caravan
30:37 Murder Holes
30:55 Town Patrol
31:50 Heated Shot
32:24 Fortified Wall
33:37 Pikeman
34:19 Squires
34:05 Arson
34:46 Bodkin Arrow
35:07 Leather Archer Armor
35:28 Iron Casting
35:20 Ballistics
34:57 Guard Tower
37:10 Chain Mail Armor
39:51 Great Wall
42:42 Imperial Age
45:24 Blast Furnace
44:55 Plate Mail Armor
44:25 Bracer
44:56 Ring Archer Armor
45:35 Chemistry
45:10 Keep
44:49 Masonry
46:30 Two-Man Saw
46:04 Arrowslits
45:52 Halberdier
47:04 Conscription
48:39 Bombard Tower
49:40 Elite Chu Ko Nu
52:35 Architecture
51:34 Elite Fire Lancer
SanchoPanza
2:59 Loom
12:24 Feudal Age
14:25 Wheelbarrow
14:30 Double-Bit Axe
14:28 Horse Collar
14:40 Gold Mining
16:41 Stone Mining
25:06 Castle Age
26:04 Hand Cart
26:04 Bow Saw
26:34 Stone Shaft Mining
30:56 Fortified Wall
30:57 Masonry
30:28 Treadmill Crane
30:44 Murder Holes
31:36 Guard Tower
31:58 Elite Skirmisher
36:51 Imperial Age
36:47 Chatras
37:36 Husbandry
37:48 Bloodlines
37:28 Imperial Skirmisher
39:07 Paper Money
39:21 Caravan
39:53 Coinage
39:55 Heavy Plow
41:07 Crop Rotation
41:40 Two-Man Saw
42:08 Chemistry
42:27 Elite Battle Elephant
46:57 Elite Rattan Archer
51:13 Hoardings
52:36 Forging
52:27 Scale Mail Armor
52:33 Scale Barding Armor
52:29 Padded Archer Armor
52:19 Fletching
54:57 Pikeman
55:38 Squires
57:13 Iron Casting
56:54 Chain Mail Armor
56:55 Leather Archer Armor
56:35 Bodkin Arrow
57:01 Chain Barding Armor
56:19 Halberdier
60:20 Halberdier
61:01 Onager
Connection lost

Rejoining the realm…

Still unreachable

The connection could not be restored.

Session expired

The server has moved on; the page needs a fresh start.